 Dungeon Crawl Stone Soup version 0.20.1-1-g8b1a95d (webtiles) character file.

15851 Gargoyl the Blocker (level 12, -2/101 HPs)
             Began as a Minotaur Abyssal Knight on Aug 17, 2017.
             Was a High Priest of Lugonu.
             Engulfed by a cloud of flame (9 damage)
             ... in a volcano.
             The game lasted 00:25:34 (10759 turns).

Gargoyl the Blocker (Minotaur Abyssal Knight)      Turns: 10759, Time: 00:25:34

Health: -2/101     AC: 16    Str: 20    XL:     12   Next: 4%
Magic:  17/17      EV:  9    Int:  9    God:    Lugonu [*****.]
Gold:   700        SH: 20    Dex: 12    Spells: 11/11 levels left

rFire    . . .     SeeInvis .   E - +9 mace of Jepraargh {crush, rElec}
rCold    . . .     Gourm    .   d - +2 large shield
rNeg     + + .     Faith    .   C - +0 pearl dragon scales
rPois    .         Spirit   .   (helmet restricted)
rElec    +         Reflect  .   (no cloak)
rCorr    +         Harm     .   (no gloves)
MR       +....     Clarity  +   S - +0 pair of boots
Stlth    ..........             b - amulet of regeneration
Regen    0.7/turn               D - ring of Kyveon {rCorr MR+}
MPRegen  0.2/turn               A - ring of positive energy

@: no status effects
A: retaliatory headbutt, horns 2, clarity
a: Depart the Abyss, Bend Space, Banish, Corrupt, Enter the Abyss, Renounce
Religion


You were in a volcano.
You worshipped Lugonu.
Lugonu was extremely pleased with you.
You were hungry.

You visited 2 branches of the dungeon, and saw 11 of its levels.
You visited the Abyss 1 time.
You also visited: Volcano.

You collected 700 gold pieces.

Inventory:

Hand Weapons
 a - a +3 hand axe
 E - the +9 mace of Jepraargh (weapon) {crush, rElec}
   (You found it on level 6 of the Dungeon)

   It inflicts extra damage upon your enemies.
   It insulates you from electricity.
Missiles
 y - 7 tomahawks (quivered)
Armour
 d - a +2 large shield (worn)
 k - a +0 pair of boots
 C - +0 pearl dragon scales (worn)
 S - a +0 pair of boots (worn)
Jewellery
 b - an amulet of regeneration (around neck)
 A - a ring of positive energy (right hand)
 D - the ring of Kyveon (left hand) {rCorr MR+}
   (You found it on level 6 of the Dungeon)

   [ring of resist corrosion]

   It affects your resistance to hostile enchantments.
 H - a cursed -4 ring of dexterity {unknown}
 I - an uncursed ring of resist corrosion
 P - a +2 ring of strength {unknown}
Wands
 l - a wand of flame (19/48)
 q - a wand of random effects (15/48)
 s - a wand of flame (23/48)
 w - a wand of enslavement (8/24)
 G - a wand of clouds (4/9)
 L - a wand of flame (30/48)
 M - a wand of random effects (22/48)
 N - a wand of random effects (19/48)
Scrolls
 m - 6 scrolls of teleportation
 r - 4 scrolls of recharging
 t - 3 scrolls of remove curse
 K - a scroll of amnesia
Potions
 e - a potion of flight
 f - 3 potions of lignification
 h - 2 potions of curing
 i - 2 potions of agility
 j - 3 potions of brilliance {unknown}
 o - a potion of heal wounds
 p - a potion of ambrosia
 u - 2 potions of might {unknown}
 x - a potion of degeneration {unknown}
 z - 2 potions of cancellation {unknown}
 B - 2 potions of magic {unknown}
 F - a potion of mutation {unknown}
 Q - a potion of haste {unknown}
Books
 O - a Young Poisoner's Handbook

   Spells                             Type                      Level
   a - Sting                          Conjuration/Poison           1
   b - Poisonous Vapours              Poison/Air                   2
   c - Mephitic Cloud                 Conjuration/Poison/Air       3
   d - Olgreb's Toxic Radiance        Poison                       4
   e - Venom Bolt                     Conjuration/Poison           5
Comestibles
 c - 7 bread rations
 g - 6 meat rations
 n - 8 royal jellies
 v - 5 chunks of flesh
 J - 4 fruits


   Skills:
 + Level 8.1 Fighting
 + Level 6.6(9.0) Axes
 + Level 9.5(10.4) Maces & Flails
 * Level 11.1 Armour
 + Level 4.4 Dodging
 + Level 11.5 Shields
 * Level 8.5 Invocations


You had 11 spell levels left.
You didn't know any spells.

Dungeon Overview and Level Annotations

Branches:
Dungeon (9/15)             Temple (0/1) D:7            Lair (2/6) D:8
 Shoals (0/4) Lair:2
  Snake: Lair:2-4    Spider: Lair:2-4       Orc: D:9-12

Altars:
Gozag
Makhleb
Okawaru
Ru
Vehumet
Yredelemnul
The Shining One


Innate Abilities, Weirdness & Mutations

You reflexively headbutt those who attack you in melee.
You have a pair of horns on your head.
You possess an exceptional clarity of mind.


Message History

Lugonu accepts your kill.
You have reached level 12!
Your experience leads to an increase in your attributes!
Increase (S)trength, (I)ntelligence, or (D)exterity?
You feel stronger. x2
You are engulfed in blazing flames.
The centaur warrior shoots an arrow.
The arrow hits you but does no damage.
The centaur warrior shoots an arrow.
The arrow hits you!
* * * LOW HITPOINT WARNING * * *
The arrow burns you.
* * * LOW HITPOINT WARNING * * *
The centaur warrior shoots an arrow.
The arrow hits you!
* * * LOW HITPOINT WARNING * * *
The arrow burns you.
* * * LOW HITPOINT WARNING * * *
You see here an arrow.
Press: ? - help, Shift-Dir - straight line, f - centaur warrior
Aim: a centaur warrior, wielding a shortbow of flaming (chance to defeat MR: 73%)
You fail to use your ability.
You are engulfed in blazing flames.
You die...

+!$.$[+
#..≈c.#...
#8≈≈≈8#..
+..§(.'. +...(.'
≈§ ≈# #8§§§8#
#§§
§≈###.§§(.###§§≈
§≈§§≈§.§§§≈§§≈§#
≈§≈§≈8.@(8§§≈§##
§≈§§≈..§)§≈≈###
##≈≈≈..§..§≈#
#§≈≈8§§(8§##
####§.§(.##
#§....# #8§..8#
#.....# #.....#


You could see a centaur warrior.

Vanquished Creatures
  A catoblepas (D:8)
  A two-headed ogre (D:8)
  The ghost of pupurumpum the Summoner, a journeyman HuSu of Sif Muna (Lair:2)
  The ghost of Cral the Basher, a novice MiFi of Qazlal (D:8)
  Nergalle (Lair:2)
  A hell knight (Volcano)
  An orc sorcerer (D:7)
  Pikel (D:5)
  A black mamba (Lair:1)
  Joseph (D:7)
  A gargoyle (D:8)
  2 spiny frogs (Lair:1)
  A komodo dragon (Lair:1)
  5 blink frogs (Lair:1)
  A hippogriff (Lair:1)
  9 yaks (Lair:1)
  A vampire mosquito (D:8)
  Edmund (D:6)
  11 wargs (D:7)
  3 water moccasins (Lair:1)
  Duvessa (D:5)
  3 porcupines
  8 orc warriors
  A sky beast (D:7)
  A slave (D:4)
  2 black bears
  A phantom (D:8)
  2 ice beasts
  3 ogres
  7 centaurs
  2 crocodiles (Lair:1)
  A big kobold (D:7)
  A wyvern zombie (D:8)
  12 bullfrogs
  Dowan (D:5)
  A scorpion (D:4)
  A killer bee (D:8)
  An electric eel (Lair:1)
  9 crimson imps
  2 centaur zombies
  2 jellies
  6 orc priests
  A gnoll shaman (D:7)
  3 hounds
  A centaur skeleton (D:8)
  2 iguanas
  7 orc wizards
  3 worker ants
  3 worker ant zombies
  15 adders
  3 gnolls (D:7)
  A shadow imp (D:8)
  An ooze (D:2)
  3 dart slugs
  4 worms
  2 leopard geckos
  66 orcs
  7 bats
  9 giant cockroaches
  8 goblins
  4 hobgoblins
  9 jackals
  12 kobolds
  2 quokkas
  A ball python (D:1)
  A ball python skeleton (D:4)
  5 frilled lizards
  A leopard gecko skeleton (D:8)
  2 leopard gecko zombies (D:8)
  A quokka zombie (D:5)
  3 rats
  A spectral orc (D:3)
294 creatures vanquished.

Vanquished Creatures (others)
  A slave (D:5)
  An orc wizard (D:6)
  A worker ant (D:5)
  An orc (D:7)
  4 jackals (D:5)
  A fungus (Lair:1)
  6 plants
15 creatures vanquished.

Grand Total: 309 creatures vanquished

Notes
Turn   | Place    | Note
-------+----------+-------------------------------------------
     0 | Abyss:1  | Gargoyl the Minotaur Abyssal Knight began the quest for the Orb.
     0 | Abyss:1  | Reached XP level 1. HP: 19/19 MP: 1/1
    37 | Abyss:1  | Noticed an ancient zyme
    57 | D:1      | Escaped the Abyss
   451 | D:1      | Reached XP level 2. HP: 24/27 MP: 2/2
   619 | D:1      | Reached * piety under Lugonu
   940 | D:1      | Reached XP level 3. HP: 33/33 MP: 3/3
  1734 | D:2      | Found a burning altar of Makhleb.
  1743 | D:2      | Reached skill level 1 in Shields
  1743 | D:2      | Reached XP level 4. HP: 39/41 MP: 4/4
  2515 | D:3      | Reached XP level 5. HP: 19/47 MP: 5/5
  2515 | D:3      | Reached ** piety under Lugonu
  2914 | D:3      | Found an opulent altar of Gozag.
  2915 | D:3      | Found a glowing golden altar of the Shining One.
  3108 | D:3      | Found a basalt altar of Yredelemnul.
  3214 | D:4      | Reached skill level 5 in Fighting
  3961 | D:4      | Reached XP level 6. HP: 56/56 MP: 7/7
  4076 | D:5      | Entered Level 5 of the Dungeon
  4104 | D:5      | Noticed a slave
  4105 | D:5      | Noticed Pikel
  4128 | D:4      | Killed a slave
  4239 | D:5      | Noticed a slave
  4240 | D:5      | Noticed a slave
  4268 | D:5      | Noticed a slave
  4294 | D:5      | Killed Pikel
  4294 | D:5      | Reached skill level 5 in Armour
  4294 | D:5      | Reached XP level 7. HP: 16/61 MP: 8/8
  4518 | D:5      | Noticed Duvessa
  4521 | D:5      | Noticed Dowan
  4535 | D:5      | Killed Duvessa
  4535 | D:5      | Reached skill level 5 in Axes
  4545 | D:5      | Killed Dowan
  4587 | D:5      | Reached XP level 8. HP: 69/69 MP: 8/10
  4632 | D:5      | Reached skill level 5 in Shields
  5099 | D:5      | Reached *** piety under Lugonu
  5726 | D:6      | Got a pitted pewter ring
  5788 | D:6      | Reached skill level 5 in Invocations
  5967 | D:6      | Got a slimy mace
  5968 | D:6      | Identified the +9 mace of Jepraargh {crush, rElec} (You found it on level 6 of the Dungeon)
  5972 | D:6      | Reached XP level 9. HP: 36/75 MP: 11/11
  6036 | D:6      | Identified the ring of Kyveon {rCorr MR+} (You found it on level 6 of the Dungeon)
  6164 | D:6      | Noticed Edmund
  6177 | D:6      | Killed Edmund
  6357 | D:6      | Reached skill level 1 in Maces & Flails
  6569 | D:7      | Found an iron altar of Okawaru.
  6630 | D:7      | Gained mutation: You possess an exceptional clarity of mind. [mutagenic meat]
  6666 | D:7      | Noticed Joseph
  6682 | D:7      | Killed Joseph
  6755 | D:7      | Reached **** piety under Lugonu
  7005 | D:7      | Noticed an orc sorcerer
  7008 | D:7      | Noticed a sixfirhy
  7011 | D:7      | Noticed an ice devil
  7182 | D:7      | Noticed an ice devil
  7208 | D:7      | Noticed a red devil
  7223 | D:7      | Killed an orc sorcerer
  7223 | D:7      | Reached XP level 10. HP: 42/84 MP: 13/13
  7299 | D:7      | Reached skill level 5 in Maces & Flails
  7526 | D:7      | Reached ***** piety under Lugonu
  7528 | D:7      | HP: 4/84 [warg (9)]
  8199 | D:7      | Found a staircase to the Ecumenical Temple.
  8343 | D:8      | Found a radiant altar of Vehumet.
  8345 | D:8      | Noticed a catoblepas
  8347 | D:8      | Found a transporter.
  8358 | D:8      | Found a transporter.
  8383 | D:8      | Killed a catoblepas
  8579 | D:8      | Found a sacrificial altar of Ru.
  8656 | D:8      | Reached skill level 10 in Shields
  8707 | D:8      | Noticed a two-headed ogre
  8722 | D:8      | Noticed Cral's ghost (novice MiFi)
  8745 | D:8      | Killed Cral's ghost
  8749 | D:8      | Killed a two-headed ogre
  8749 | D:8      | Reached skill level 10 in Armour
  8749 | D:8      | Reached XP level 11. HP: 92/92 MP: 15/15
  9069 | D:8      | Found a staircase to the Lair.
  9197 | Lair:1   | Entered Level 1 of the Lair of Beasts
 10059 | Lair:1   | Found an iron altar of Okawaru.
 10524 | Lair:2   | Found a dark tunnel.
 10541 | Lair:2   | Noticed Nergalle
 10556 | Lair:2   | Killed Nergalle
 10665 | Lair:2   | Noticed pupurumpum's ghost (journeyman HuSu)
 10686 | Lair:2   | Killed pupurumpum's ghost
 10695 | Volcano  | Entered a volcano
 10711 | Volcano  | Noticed a centaur warrior
 10714 | Volcano  | Found a burning altar of Makhleb.
 10715 | Volcano  | Noticed a hell knight
 10757 | Volcano  | Killed a hell knight
 10757 | Volcano  | Reached XP level 12. HP: 52/101 MP: 17/17
 10759 | Volcano  | Engulfed by a cloud of flame

Skill      XL: |  1  2  3  4  5  6  7  8  9 10 11 |
---------------+----------------------------------+-----
Invocations    | 2 3 4 5 6 7 8 |  8.5
Armour         | 3 4 5 6 7 8 10 11 | 11.1
Fighting       | 4 5 6 7 8 |  8.1
Axes           | 3 4 5 6 |  6.6
Shields        | 1 2 4 7 8 10 11 | 11.5
Dodging        | 2 3 4 |  4.4
Maces & Flails | 4 7 9 |  9.5

Action                   |  1- 3 |  4- 6 |  7- 9 | 10-12 || total
-------------------------+-------+-------+-------+-------++-------
Melee: Hand axe          |    87 |   230 |   260 |       ||   577
       Headbutt          |     8 |    34 |    65 |    94 ||   201
       Mace              |       |       |   149 |   439 ||   588
Invok: Depart the Abyss  |     1 |       |       |       ||     1
       Bend Space        |       |       |       |     2 ||     2
  Use: Scroll            |     5 |     8 |     4 |     8 ||    25
       Potion            |       |     2 |     5 |     2 ||     9
 Stab: Petrified         |       |       |       |     4 ||     4
  Eat: Chunk             |     2 |     9 |    12 |    12 ||    35
Armor: Leather armour    |    32 |       |       |       ||    32
       Ring mail         |     8 |    14 |       |       ||    22
       Chain mail        |       |   152 |   171 |       ||   323
       Skin              |       |       |     3 |       ||     3
       Plate armour      |       |       |     1 |    11 ||    12
       Pearl dragon scal |       |       |       |   127 ||   127
Dodge: Dodged            |    16 |    31 |    59 |    96 ||   202
Block: Large shield      |    61 |   176 |   418 |   503 ||  1158
